 Dungeon Crawl Stone Soup version 0.28-a0-46-g7b1be97da7 (webtiles) character file.

Game seed: 6793395126619299612

2831 DavidChitty2 the Cleaver (level 9, -6/79 HPs)
             Began as a Minotaur Fighter on July 29, 2021.
             Was a Believer of Makhleb.
             Mangled by an orc warrior (18 damage)
             ... in a bailey.
             The game lasted 00:10:44 (6974 turns).

DavidChitty2 the Cleaver (Minotaur Fighter)         Turns: 6974, Time: 00:10:45

Health: -6/79      AC: 14    Str: 29    XL:     9   Next: 45%
Magic:  11/11      EV:  7    Int:  5    God:    Makhleb [**....]
Gold:   220        SH: 17    Dex: 11    Spells: 8/8 levels left

rFire   . . .      SeeInvis +   a - +0 war axe (flame)
rCold   . . .      Faith    .   c - +1 kite shield
rNeg    . . .      Spirit   .   o - +0 chain mail
rPois   +          Reflect  +   (helmet restricted)
rElec   .          Harm     .   v - +2 cloak {rPois}
rCorr   .          Rampage  .   (no gloves)
Will    .....                   (no boots)
Stlth   ..........              h - amulet of reflection
HPRegen 0.23/turn               z - ring of see invisible
MPRegen 0.12/turn               q - +6 ring of strength

@: no status effects
A: horns 2, retaliatory headbutt
a: Renounce Religion, Minor Destruction


You were in a bailey.
You worshipped Makhleb.
Makhleb was pleased with you.
You visited 2 branches of the dungeon, and saw 8 of its levels.
You also visited: Sewer and Bailey.

You collected 415 gold pieces.
You spent 195 gold pieces at shops.

Inventory:

Hand Weapons
 a - a +0 war axe of flaming (weapon)
   (You took it off an orc on level 6 of the Dungeon)
 b - a +3 whip of venom
   (You took it off a kobold on level 7 of the Dungeon)
Missiles
 k - 53 poisoned darts (quivered)
Armour
 c - a +1 kite shield (worn)
 f - the +3 leather armour of Futuristic the Good {rN+ Will+ Slay+2}
   (You took it off an orc wizard on level 5 of the Dungeon)

   Slay:      It affects your accuracy & damage with ranged weapons and melee
   (+2).
   rN:        It protects you from negative energy.
   Will:      It increases your willpower.
 g - a scarf of resistance
   (You found it on level 1 of the Dungeon)
 o - a +0 chain mail (worn)
   (You took it off an orc on level 6 of the Dungeon)
 s - a scarf of resistance
   (You found it on level 7 of the Dungeon)
 v - a +2 cloak of poison resistance (worn)
   (You bought it in a shop on level 4 of the Dungeon)
Jewellery
 h - an amulet of reflection (around neck)
   (You found it on level 5 of the Dungeon)
 p - a ring of resist corrosion
   (You found it on level 6 of the Dungeon)
 q - a +6 ring of strength (right hand)
   (You found it on level 3 of the Dungeon)
 z - a ring of see invisible (left hand)
   (You found it on level 2 of the Dungeon)
Wands
 u - a wand of paralysis (3)
   (You took it off a kobold on level 4 of the Dungeon)
Scrolls
 e - 3 scrolls of identify {@r1}
 j - 2 scrolls of enchant armour
 y - a scroll of magic mapping
Potions
 d - 2 potions of might
 i - a potion of flight
 l - 2 potions of magic
 m - a potion of lignification {unknown}
 n - 2 potions of brilliance
 r - 7 potions of curing {@q1}
 t - 2 potions of cancellation
 w - a potion of invisibility
 x - 2 potions of heal wounds {unknown}


   Skills:
 + Level 7.5 Fighting
 * Level 9.6 Axes
 + Level 7.4 Armour
 + Level 7.5 Shields
 + Level 4.3 Invocations


You had 8 spell levels left.
You didn't know any spells.
Your spell library contained the following spells:

 Spells                   Type           Power      Damage    Failure   Level
 Ozocubu's Armour         Ice            0%         N/A       100%        3
 Fireball                 Conj/Fire      0%         3d3       100%        5
 Iskenderun's Battlesphe  Conj           0%         2d6       100%        5
 Summon Forest            Summ/Tloc      0%         N/A       100%        5
 Conjure Ball Lightning   Conj/Air       0%         3x3d6     100%        6
 Eringya's Noxious Bog    Tmut/Pois      0%         N/A       100%        6
 Orb of Destruction       Conj           0%         N/A       100%        7
 Ozocubu's Refrigeration  Ice            0%         4d5       100%        7
 Summon Hydra             Summ           0%         N/A       100%        7


Dungeon Overview and Level Annotations

Branches:
Dungeon (7/15)             Temple (1/1) D:4           Sewer (visited)
 Bailey (1/1)

Altars:
Ashenzari
Cheibriados
Dithmenos
Elyvilon
Fedhas
Kikubaaqudgha
Makhleb
Nemelex Xobeh
Okawaru
Qazlal
Ru
Sif Muna
Trog
Wu Jian
Xom
Zin
Lugonu

Shops:
D:2 :   D:4 [

Portals:
Ossuary: D:7

Annotations:
D:3 3 runed translucent doors, quino's ghost, amateur GnFi


Innate Abilities, Weirdness & Mutations

You have a pair of horns on your head.
You reflexively headbutt those who attack you in melee.


Message History

You feel better. You block the hobgoblin's attack.
You block the orc warrior's attack.
You closely miss the orc warrior.
You headbutt the orc warrior, but do no damage.
You barely miss the goblin. You slash the hobgoblin! You burn the hobgoblin.
You kill the hobgoblin!
Makhleb accepts your kill.
You feel better. You block the orc warrior's attack.
You block the goblin's attack.
Your shield prevents you from hitting the orc warrior.
You headbutt the orc warrior. You hit the goblin. You burn the goblin.
You slash the goblin! You burn the goblin.
You kill the goblin!
Makhleb accepts your kill. The goblin hits you but does no damage.
The orc warrior hits you with a +0 war axe!
* * * LOW HITPOINT WARNING * * *
Okay, then.
You are too injured to fight recklessly!
You are too injured to fight recklessly!
You are too injured to fight recklessly!
You closely miss the orc warrior. You hit the goblin but do no damage.
You closely miss the goblin. You block the goblin's attack.
The orc warrior hits you with a +0 war axe!
* * * LOW HITPOINT WARNING * * *
The goblin hits you but does no damage.
You closely miss the orc warrior. You closely miss the goblin.
Your shield prevents you from hitting the goblin.
You block the orc warrior's attack. You block the goblin's attack.
The goblin barely misses you. You furiously retaliate!
You headbutt the goblin.
You kill the goblin!
Makhleb accepts your kill.
You feel better.
You barely miss the orc warrior. You barely miss the goblin.
You block the orc warrior's attack. You block the goblin's attack. x2
The orc warrior hits you with a +0 war axe.
* * * LOW HITPOINT WARNING * * *
You closely miss the goblin. Your headbutt misses the goblin.
You closely miss the orc warrior. You block the goblin's attack.
The orc warrior hits you with a +0 war axe.
* * * LOW HITPOINT WARNING * * *
You hit the orc warrior. You burn the orc warrior.
You completely miss the goblin.
The orc warrior hits you but does no damage.
You block the goblin's attack.
You barely miss the orc warrior. You hit the goblin. You burn the goblin.
You kill the goblin!
Makhleb accepts your kill.
The orc warrior hits you with a +0 war axe!!
You die...

#'###≈.≈###+#
#....≈.≈(...#
#'###≈.≈###+#
#....≈.≈(...#
######'######
#...# #...#
#...# ##@##
#)o)# ...8go.
?..#...#../
######.######
... ... [!.


You could see 2 orc warriors and a goblin.

Vanquished Creatures
  An orc knight (Bailey)
  Eustachio (D:4)
  A water moccasin (Sewer)
  2 sky beasts
  2 black bears
  4 ogres
  3 orc warriors
  A hornet zombie (D:6)
  A centaur (D:5)
  A kobold brigand (D:7)
  3 scorpions
  2 water moccasin zombies
  2 jellies
  A hound (D:6)
  A bullfrog skeleton (D:6)
  An orc priest (D:7)
  2 centaur skeletons (D:5)
  A gnoll shaman (D:6)
  5 iguanas
  2 orc wizards
  A hound skeleton (D:4)
  Robin (D:2)
  2 howler monkey skeletons (D:6)
  13 adders
  3 white imps
  An adder skeleton (D:4)
  2 worms (D:2)
  A dart slug (D:3)
  13 orcs
  4 endoplasms
  A giant cockroach (D:2)
  19 goblins
  16 hobgoblins
  2 jackals (Sewer)
  2 quokkas
  7 ball pythons
  5 bats
  3 frilled lizards
  28 kobolds
  6 rats
167 creatures vanquished.

Notes
Turn   | Place    | Note
-------+----------+-------------------------------------------
     0 | D:1      | DavidChitty2 the Minotaur Fighter began the quest for the
                  | Orb.
     0 | D:1      | Reached XP level 1. HP: 19/19 MP: 0/0
   237 | D:1      | Reached XP level 2. HP: 25/27 MP: 1/1
   287 | D:1      | Found a faded altar of an unknown god.
   290 | D:1      | Reached skill level 3 in Axes
   542 | D:2      | Reached XP level 3. HP: 28/33 MP: 2/2
   636 | D:2      | Noticed Robin
   653 | D:2      | Killed Robin
  1202 | D:2      | Reached XP level 4. HP: 39/40 MP: 3/3
  1308 | D:2      | Found Coteemna's Book Emporium.
  1476 | D:3      | Found a runed translucent gate.
  1478 | D:3      | Found a runed translucent gate.
  1479 | D:3      | Found a runed translucent gate.
  1481 | D:3      | Noticed quino's ghost (amateur GnFi)
  1518 | D:3      | Reached skill level 4 in Axes
  1760 | D:3      | Reached XP level 5. HP: 28/47 MP: 4/4
  2321 | D:4      | Found a glowing drain.
  2337 | Sewer    | Entered a sewer
  2390 | Sewer    | Noticed a water moccasin
  2396 | Sewer    | Killed a water moccasin
  2397 | Sewer    | Reached skill level 5 in Axes
  2397 | Sewer    | Reached XP level 6. HP: 29/55 MP: 5/5
  2651 | D:4      | Found a staircase to the Ecumenical Temple.
  2661 | D:4      | Reached skill level 5 in Fighting
  2663 | D:4      | Reached skill level 5 in Armour
  2663 | D:4      | Reached skill level 5 in Shields
  2779 | Temple   | Entered the Ecumenical Temple
  2823 | Temple   | Became a worshipper of Makhleb the Destroyer
  2899 | D:4      | Found a white marble altar of Elyvilon.
  3028 | D:4      | Found Jaukog's Antique Armour Boutique.
  3121 | D:4      | Bought an embroidered cloak for 195 gold pieces
  3200 | D:4      | Noticed Eustachio
  3213 | D:4      | Killed Eustachio
  3214 | D:4      | Reached skill level 6 in Axes
  3214 | D:4      | Reached XP level 7. HP: 41/61 MP: 6/6
  3359 | D:4      | Paralysed by a kobold for 6 turns
  3388 | D:4      | Reached skill level 1 in Invocations
  3825 | D:5      | Entered Level 5 of the Dungeon
  4040 | D:5      | Identified the +3 leather armour of Futuristic the Good
                  | {rN+ Will+ Slay+2}
  4042 | D:5      | Reached skill level 7 in Axes
  4192 | D:5      | Reached XP level 8. HP: 64/70 MP: 8/8
  5267 | D:6      | Reached * piety under Makhleb
  5514 | D:6      | Found a glowing silver altar of Zin.
  5676 | D:6      | Found a bloodstained altar of Trog.
  5683 | D:6      | Reached skill level 8 in Axes
  5767 | D:6      | Found an iron altar of Okawaru.
  5767 | D:6      | Found a sacrificial altar of Ru.
  6414 | D:7      | Found a sparkling altar of Nemelex Xobeh.
  6518 | D:7      | Reached XP level 9. HP: 78/78 MP: 10/10
  6546 | D:7      | Found a shadowy altar of Dithmenos.
  6563 | D:7      | Reached skill level 9 in Axes
  6745 | D:7      | Found a sand-covered staircase.
  6825 | D:7      | Found a flagged portal.
  6845 | Bailey   | Entered a bailey
  6872 | Bailey   | Reached ** piety under Makhleb
  6885 | Bailey   | Noticed an orc knight
  6900 | Bailey   | Killed an orc knight
  6974 | Bailey   | Mangled by an orc warrior

Illustrated notes

Levels and vault maps discovered:
D:1:      wander_arrival_abandoned_jail, layout_rooms, basic_ecumenical_altar
D:2:      layout_rooms, serial_shops, shop, chequers_serial_rivers_small_b,
          chequers_jeans, moated_statue, serial_bayou_pond_d,
          chequers_serial_rivers_marsh, st_stairs_13, minmay_misc_feat_room,
          uniq_robin
D:3:      layout_loops_ring, ebering_ghost_rock_garden, due_unseen_surprise
D:4:      layout_basic, lemuel_tele_altar, minmay_temple_entry_stoned_glass,
          serial_shops, nicolae_square_shop, cheibrodos_sewer_entry_drain,
          uniq_eustachio
D:5:      layout_basic
D:6:      layout_basic, general_overflow_altar, trog_butcher_becter,
          jmf_multi_god_temple, dk_vineyard_2
D:7:      layout_rooms, grunt_dithmenos_smoke, mainiacjoe_overflow_24_doors,
          vehumet_altar_wand_db, enter_bailey_5, nicolae_ossuary_entry_monument
Temple:   corrupted_temple
Bailey:   bailey_axe_1, bailey

Skill      XL: |  1  2  3  4  5  6  7  8  9 |
---------------+----------------------------+-----
Axes           | 3 4 5 6 7 8 9 |  9.6
Armour         | 4 5 6 7 |  7.4
Fighting       | 4 5 6 7 |  7.5
Shields        | 4 5 6 7 |  7.5
Invocations    | 2 3 4 |  4.3

Action                   |  1- 3 |  4- 6 |  7- 9 || total
-------------------------+-------+-------+-------++-------
Melee: War axe           |    67 |    94 |   204 ||   365
       Headbutt          |    11 |    14 |    52 ||    77
  Use: Scroll            |       |     1 |    14 ||    15
       Potion            |       |       |     1 ||     1
Armor: Scale mail        |    32 |    37 |    28 ||    97
       Chain mail        |       |       |    56 ||    56
Dodge: Dodged            |    18 |    30 |    62 ||   110
Block: Kite shield       |    49 |    37 |   229 ||   315
       Reflection        |       |       |    74 ||    74

Table legend: (Time is in decaauts)
 A = Elapsed time spent in this place.
 B = Non-inter-level travel time spent in this place.
 C = Inter-level travel time spent in this place.
 D = Time resting spent in this place.
 E = Time spent auto-exploring this place.
 F = Levels seen in this place.
 G = Mean time per level.
                   A        B        C        D        E       F      G
               +--------+--------+--------+--------+--------+-----+--------+
         Total |   7126 |   6859 |    267 |   1065 |   4455 |  10 |  712.6 |
       Dungeon |   6644 |   6390 |    254 |    894 |   4350 |   7 |  949.1 |
        Temple |     59 |     46 |     13 |      0 |     27 |   1 |   59.0 |
         Sewer |    290 |    290 |      0 |    171 |     74 |   1 |  290.0 |
        Bailey |    133 |    133 |      0 |      0 |      2 |   1 |  133.0 |
               +--------+--------+--------+--------+--------+-----+--------+

Top non-repeatable levels by time:
     D:6: 1332 daAuts
     D:5: 1273 daAuts
     D:4: 1211 daAuts
     D:2: 998 daAuts
     D:3: 876 daAuts
     D:1: 494 daAuts
     D:7: 458 daAuts
   Sewer: 290 daAuts
  Bailey: 133 daAuts
  Temple: 59 daAuts
